 Dungeon Crawl Stone Soup version 0.27.1-15-g792fb953b9 (webtiles) character file.

Game seed: 12932295700884739950

249 toffzen the Cudgeller (level 5, 0/46 HPs)
             Began as a Minotaur Brigand on Nov 19, 2021.
             Succumbed to a scorpion's poison
             ... on level 4 of the Dungeon.
             The game lasted 00:04:06 (2838 turns).

toffzen the Cudgeller (Minotaur Brigand)            Turns: 2838, Time: 00:04:07

Health: 0/46       AC: 12    Str: 16    XL:     5   Next: 86%
Magic:  4/4        EV:  7    Int:  8    God:
Gold:   39         SH:  0    Dex: 12    Spells: 4/4 levels left

rFire    . . .     SeeInvis .   a - +1 mace
rCold    . . .     Faith    .   (no shield)
rNeg     . . .     Spirit   .   j - +0 chain mail
rPois    .         Reflect  .   q - +2 hat
rElec    .         Harm     .   c - +0 cloak
rCorr    .         Rampage  .   (no gloves)
Will     .....                  (no boots)
Stlth    ..........             n - amulet of magic regeneration
HPRegen  0.15/turn              (no ring)
MPRegen  0.34/turn              (no ring)

@: mighty, brilliant, lethally poisoned (0 -> -19), hasted, very quick
A: horns 2, retaliatory headbutt
a: no special abilities


You were on level 4 of the Dungeon.
You visited 1 branch of the dungeon, and saw 4 of its levels.

You collected 39 gold pieces.

Inventory:

Hand Weapons
 a - a +1 mace (weapon)
 f - a +2 dagger
Missiles
 d - 8 poisoned darts (quivered)
 e - 2 curare-tipped darts
 g - 104 stones
Armour
 c - a +0 cloak (worn)
 j - a +0 chain mail (worn)
 m - a +0 ring mail
 q - a +2 hat (worn)
Jewellery
 n - an amulet of magic regeneration (around neck)
 r - an amulet of faith
Wands
 s - a wand of flame (7)
Scrolls
 b - a scroll of silence
 l - 2 scrolls of enchant weapon


   Skills:
 + Level 4.0 Fighting
 - Level 2.1 Short Blades
 * Level 4.0 Maces & Flails
 - Level 2.0 Throwing
 + Level 2.8 Armour
 + Level 3.1 Dodging
 - Level 3.2 Stealth


You had 4 spell levels left.
You didn't know any spells.
Your spell library was empty.

Dungeon Overview and Level Annotations

Branches:
Dungeon (4/15)
 Temple: D:4-7

Altars:
Yredelemnul

Shops:
D:1 (![

Annotations:
D:4 exclusion: upstairs


Innate Abilities, Weirdness & Mutations

You have a pair of horns on your head.
You reflexively headbutt those who attack you in melee.


Message History

The scorpion stings you but does no damage.
The scorpion stings you.
You are more poisoned.
The scorpion poisons you!
You hit the scorpion but do no damage.
The scorpion is almost dead.
You feel very sick. The scorpion stings you.
You feel better. The scorpion barely misses you.
You closely miss the scorpion.
You headbutt the scorpion, but do no damage.
The scorpion is almost dead.
The scorpion stings you.
You are poisoned.
The scorpion poisons you! The scorpion stings you!
You are lethally poisoned!
The scorpion poisons you!
As you read the scroll labelled FACAOCLOEMN, it crumbles to dust.
It is a scroll of amnesia.
You feel forgetful for a moment.
You feel very sick. The scorpion stings you.
* * * LOW HITPOINT WARNING * * *
You are more poisoned.
The scorpion poisons you!
Okay, then.
It was a potion of haste.
You feel yourself speed up.
* * * LOW HITPOINT WARNING * * *
You feel very sick. The scorpion stings you.
* * * LOW HITPOINT WARNING * * *
It was a potion of brilliance.
You feel clever all of a sudden.
* * * LOW HITPOINT WARNING * * *
You feel very sick. The scorpion barely misses you. You furiously retaliate!
You headbutt the scorpion, but do no damage.
It was a potion of might.
You feel very mighty all of a sudden.
You die...

...........
.........
.......
..... [..#
#..# #ZK# #
##s# .
#@##.#
#..#.#
#..#.###
##.....+
##...###
###....#
##....#.# #
###...###...
#.##.....##
####


You could see a scorpion, a kobold and a hound skeleton.

Vanquished Creatures
  A hound (D:3)
  A bullfrog skeleton (D:3)
  Natasha (twice) (D:2)
  An iguana (D:3)
  Robin (D:3)
  3 adders
  An ufetubus (D:2)
  2 worms (D:3)
  2 dart slugs (D:2)
  5 ball pythons
  2 bats (D:2)
  7 endoplasms
  4 giant cockroaches
  10 goblins
  5 hobgoblins
  3 kobolds
  4 quokkas
  5 frilled lizards
  3 rats
62 creatures vanquished.

Notes
Turn   | Place    | Note
-------+----------+-------------------------------------------
     0 | D:1      | toffzen the Minotaur Brigand began the quest for the Orb.
     0 | D:1      | Reached XP level 1. HP: 18/18 MP: 0/0
    16 | D:1      | Found Ezxa's Armour Boutique.
    26 | D:1      | Found Uxoptur's Distillery.
   348 | D:1      | Found Byocof's Weapon Boutique.
   349 | D:1      | Found a faded altar of an unknown god.
   704 | D:1      | Reached XP level 2. HP: 25/25 MP: 1/1
   819 | D:1      | Reached skill level 1 in Armour
   837 | D:1      | Reached skill level 1 in Maces & Flails
  1155 | D:2      | Reached XP level 3. HP: 19/31 MP: 2/2
  1289 | D:2      | Found a basalt altar of Yredelemnul.
  1300 | D:2      | Noticed Natasha
  1312 | D:2      | Killed Natasha
  1313 | D:2      | Reached XP level 4. HP: 10/38 MP: 3/3
  1417 | D:2      | Noticed Natasha
  1466 | D:2      | Killed Natasha
  2040 | D:3      | Reached XP level 5. HP: 42/45 MP: 4/4
  2088 | D:3      | Noticed Robin
  2103 | D:3      | Killed Robin
  2788 | D:3      | Noticed a black bear
  2837 | D:4      | HP: 2/46 [poisoned by a scorpion]
  2838 | D:4      | Succumbed to a scorpion's poison

Illustrated notes

Levels and vault maps discovered:
D:1:      dpeg_arrival_windows_large_door, layout_loops_corners,
          chequers_ecumenical_altar_simple_redux, serial_shops, shop, shop, shop
D:2:      layout_basic, basic_altar, minmay_tromino_v2, uniq_natasha
D:3:      layout_loops_ring, nemelex_diamond_rough_becter,
          uniq_crazy_yiuf_cottage, uniq_robin
D:4:      layout_layer_cave, lemuel_doored_altar, mainiacjoe_overflow_boulevard,
          hangedman_decor_opposing, uniq_sigmund

Skill      XL: |  1  2  3  4  5 |
---------------+----------------+-----
Armour         | 1 2 |  2.8
Maces & Flails | 1 2 3 4 |  4.0
Fighting       | 3 4 |  4.0
Dodging        | 2 3 |  3.1
Short Blades   | |  2.1
Throwing       | |  2.0
Stealth        | |  3.2

Action                   |  1- 3 |  4- 6 || total
-------------------------+-------+-------++-------
Melee: Dagger            |     8 |       ||     8
       Mace              |    43 |   118 ||   161
       Headbutt          |     9 |    17 ||    26
  Use: Potion            |       |     4 ||     4
       Scroll            |       |     3 ||     3
 Stab: Sleeping          |     5 |       ||     5
Armor: Robe              |     3 |       ||     3
       Chain mail        |    22 |    77 ||    99
Dodge: Dodged            |    25 |    38 ||    63
